 Dungeon Crawl Stone Soup version 0.30.1-11-g7821555f0a (webtiles) character file.

Game seed: 4870505964761720009

209931 anacleto the Executioner (level 18, -6/147 HPs)
             Began as a Minotaur Berserker on Jan 4, 2024.
             Was a High Priest of Trog.
             Mangled by an azure jelly (9 damage)
             ... summoned by a glowing orange brain
             ... on level 3 of the Pits of Slime.
             The game lasted 01:52:17 (40242 turns).

anacleto the Executioner (Minotaur Berserker)      Turns: 40242, Time: 01:52:17

Health: -6/147     AC: 25    Str: 26      XL:     18   Next: 17%
Magic:  20/20      EV: 13    Int:  8 (10) God:    Trog [*****.]
Gold:   1657       SH:  0    Dex: 10      Spells: 17/17 levels left

rFire   + . .        D - +1 executioner's axe of Vakk {spect, Fragile Int+6}
rCold   + . .        (shield currently unavailable)
rNeg    + . .        H - +1 gold dragon scales
rPois   +            X - +0 hat "Ezy Ycw" {rN+}
rElec   .            W - +2 cloak {rCorr}
rCorr   +            f - +0 pair of gloves
SInv    .            (no boots)
Will    +....        T - amulet of reflection Stlth
                     M - +5 ring of evasion
HPRegen 0.44/turn    w - +4 ring of protection
MPRegen 0.17/turn

%: reflection
@: confused, studying Ranged Weapons, corroded
A: horns 2, retaliatory headbutt, low MP 1, weak 2, inability to drink after
injury 1, inability to read after injury 1
}: 1/15 runes: gossamer
a: Renounce Religion, Berserk, Trog's Hand, Brothers in Arms


You were on level 3 of the Pits of Slime.
You worshipped Trog.
Trog was extremely pleased with you.
You visited 8 branches of the dungeon, and saw 32 of its levels.
You also visited: Trove, Ossuary, Bailey and Gauntlet.

You collected 3241 gold pieces.
You spent 1584 gold pieces at shops.

Inventory:

Hand Weapons
 b - the +5 arbalest "Wulu Huts" {freeze, rElec Dex+5}
   (You found it on level 3 of the Spider Nest)

   Dex:       It affects your dexterity (+5).
   rElec:     It insulates you from electricity.
 D - the +1 executioner's axe of Vakk (weapon) {spect, Fragile Int+6}
   (You acquired it on level 9 of the Dungeon)

   Int:       It affects your intelligence (+6).
   Fragile:   It will be destroyed if unequipped.
 K - a +4 antimagic executioner's axe
Missiles
 h - a throwing net
 A - 21 boomerangs (quivered)
 J - 2 boomerangs of dispersal
 P - 9 silver javelins
 Y - 6 javelins
Armour
 f - a +0 pair of gloves (worn)
 H - +1 gold dragon scales (worn)
 W - a +2 cloak of preservation (worn)
 X - the +0 hat "Ezy Ycw" (worn) {rN+}
   (You found it on level 4 of the Spider Nest)

   rN:        It protects you from negative energy.
Jewellery
 q - a ring of see invisible
 w - a +4 ring of protection (right hand)
 z - an amulet of faith
 M - a +5 ring of evasion (left hand)
 T - an amulet of reflection (around neck)
Wands
 c - a wand of mindburst (2)
 j - a wand of light (1)
 k - a wand of digging (20)
 G - a wand of charming (31)
 Z - a wand of roots (10)
Scrolls
 a - 3 scrolls of immolation
 d - 3 scrolls of butterflies
 e - 3 scrolls of torment
 g - 3 scrolls of silence
 i - 2 scrolls of magic mapping
 s - 4 scrolls of blinking
 t - 7 scrolls of fear
 y - 3 scrolls of fog
 E - 4 scrolls of vulnerability
 F - 2 scrolls of brand weapon
 I - 6 scrolls of poison
 N - 11 scrolls of teleportation
 O - 9 scrolls of identify
Potions
 l - 9 potions of mutation
 m - 6 potions of magic
 n - 10 potions of haste
 o - 4 potions of cancellation
 p - 7 potions of heal wounds
 r - a potion of berserk rage
 u - 5 potions of attraction
 v - 6 potions of lignification
 x - 6 potions of ambrosia
 B - 3 potions of resistance
 C - 2 potions of invisibility
 V - 5 potions of flight
Miscellaneous
 L - a lightning rod (4/4)
 R - a piece from Xom's chessboard (15/15)
 S - a condenser vane
 U - a box of beasts


   Skills:
 - Level 10.0 Fighting
 * Level 26.7 Axes
 + Level 21.3 Ranged Weapons
 - Level 4.5 Throwing
 + Level 13.0 Armour
 + Level 11.9 Dodging
 - Level 7.6 Invocations


You had 17 spell levels left.
You didn't know any spells.
Your spell library was empty.

Dungeon Overview and Level Annotations

Branches:
Dungeon (15/15)            Temple (0/1) D:4            Lair (5/5) D:10
 Shoals (1/4) Lair:2       Spider (4/4) Lair:2        Slime (3/5) Lair:4
    Orc (2/2) D:10            Elf (1/3) Orc:2        Vaults (1/5) D:13
 Depths (0/4) D:15        Ossuary (visited)          Bailey (visited)
Gauntlet (visited)

Altars:
Ashenzari
Cheibriados
Gozag
Hepliaklqana
Makhleb
Nemelex Xobeh
Okawaru
Vehumet
Wu Jian
Yredelemnul
Zin
Jiyva

Shops:
D:4 [   Orc:1 !   Orc:2 ::[::

Annotations:
D:14 2 transporters, Gyarihi Ophu's ghost, journeyman MiFi


Innate Abilities, Weirdness & Mutations

You have a pair of horns on your head.
You reflexively headbutt those who attack you in melee.
Your magical capacity is low. (-10% MP)
You are very weak. (Str -4)
You occasionally lose the ability to drink potions when taking damage.
You occasionally lose the ability to read scrolls when taking damage.


Message History

The azure jelly closely misses you. The azure jelly hits you. x2
The azure jelly freezes you! You resist. The azure jelly hits you.
The azure jelly freezes you! You resist.
The azure jelly hits you but does no damage.
The azure jelly hits you. The great orb of eyes bites you.
The glowing orange brain blinks!
You slice the azure jelly!!
The azure jelly is moderately wounded.
You slash the azure jelly!
You barely miss the glowing orange brain.
You closely miss the great orb of eyes.
Your +1 executioner's axe of Vakk {spect, Fragile Int+6} hits the great orb of eyes!!
The azure jelly hits you but does no damage.
The azure jelly hits you. The azure jelly freezes you!! You resist.
* * * LOW HITPOINT WARNING * * *
The azure jelly hits you but does no damage.
The azure jelly barely misses you. The azure jelly hits you!
* * * LOW HITPOINT WARNING * * *
The azure jelly freezes you!! You resist.
* * * LOW HITPOINT WARNING * * *
The azure jelly hits you but does no damage. x2
The azure jelly hits you!
* * * LOW HITPOINT WARNING * * *
The great orb of eyes bites your +1 executioner's axe of Vakk {spect, Fragile Int+6}.
Your spectral weapon shares its damage with you!
* * * LOW HITPOINT WARNING * * *
You feel much better.
Your +1 executioner's axe of Vakk {spect, Fragile Int+6} disappears.
The azure jelly hits you.
* * * LOW HITPOINT WARNING * * *
The azure jelly freezes you! You resist.
* * * LOW HITPOINT WARNING * * *
The azure jelly hits you but does no damage. x2
The azure jelly closely misses you.
The shining eye pulsates ominously.
The azure jelly hits you but does no damage.
The azure jelly hits you.
* * * LOW HITPOINT WARNING * * *
The azure jelly freezes you! You resist.
You die...

.........................#
...................<.##.####
.........................##.
.......>.................#..
#.........................#.
.#....#.....#..............#
..##........##..............
. .#......J#.##.............
........GJ@..#............>
.........GG.###.......#....
............# #.#.#....#...
.......#....##...###.......
........#....##.####.......
..............###..........
.....#.......###...........
......##..... ##..........
... ##.....#......##.#.


You could see 2 azure jellies, a great orb of eyes (summoned, unaware), a
shining eye (summoned) and a glowing orange brain.

Vanquished Creatures
  Bai Suzhen (Spider:3)
  8 acid blobs
  5 azure jellies
  2 vault wardens (Vaults:1)
  6 ghost moths
  4 emperor scorpions
  3 quicksilver oozes
  An orc warlord (Orc:2)
  2 ironbound preservers (Vaults:1)
  A minotaur (Gauntlet)
  4 spark wasps
  2 fire dragons (D:15)
  Josephine (D:15)
  A merfolk impaler (Shoals:1)
  2 entropy weavers (Spider:3)
  2 great orbs of eyes
  3 catoblepae (Lair:5)
  5 hydras
  3 ironbound frosthearts
  The ghost of jpeg9000 the Destroyer, a journeyman TeCj of Sif Muna (D:13)
  2 jorogumos
  4 radroaches
  2 vault guards (Vaults:1)
  7 centaur warriors
  2 ogre magi (Orc:2)
  3 boulder beetles
  A dancing weapon (Elf:1)
  6 death yaks (Lair:5)
  10 two-headed ogres
  Urug (Lair:4)
  3 skysharks
  4 pharaoh ants
  A sun moth (Spider:4)
  7 deep trolls
  15 orb spiders
  A glowing orange brain (Slime:3)
  2 wizards (D:13)
  A sea snake (Shoals:1)
  4 harpies (Lair:2)
  3 lindwurms (Lair:5)
  3 ironbound convokers (Vaults:1)
  4 steelbarb worms
  34 wolf spiders
  A deep elf zephyrmancer (Elf:1)
  An orc knight (D:15)
  2 orc sorcerers
  6 deep elf pyromancers
  7 cyclopes
  5 manticores
  3 shining eyes
  15 ugly things
  4 moths of wrath
  3 merfolk sirens (Shoals:1)
  4 black mambas
  11 cane toads
  4 elephants (Lair:4)
  2 vault sentinels (Vaults:1)
  A smoke demon (Gauntlet)
  2 eyes of devastation (Slime:3)
  6 demonic crawlers
  5 torpor snails
  2 gargoyles (D:11)
  7 komodo dragons
  A kobold demonologist (D:9)
  2 minotaur zombies (Gauntlet)
  2 rime drakes
  A guardian mummy (D:10)
  An unseen horror (D:9)
  2 efreet
  5 yaktaurs (Vaults:1)
  2 tengu conjurers (D:14)
  16 trolls
  2 polar bears (Lair:1)
  A queen bee (Spider:3)
  9 meliai
  Grinder (D:4)
  2 merfolk (Shoals:1)
  38 tarantellas
  5 hornets
  17 blink frogs
  7 dream sheep (Lair:5)
  71 slime creatures
  A snapping turtle (Shoals:1)
  24 jumping spiders
  A vampire (D:9)
  22 culicivoras
  8 wraiths
  49 yaks
  4 basilisks
  2 wyverns
  6 vampire mosquitoes
  5 golden eyes
  71 redbacks
  2 steam dragons
  Edmund (D:4)
  5 wargs
  An acid dragon (D:10)
  15 water moccasins
  An ice beast (D:6)
  22 orc warriors
  A black bear (Lair:2)
  24 wolves
  23 ogres
  A boggart (Vaults:1)
  13 centaurs
  A phantom (D:5)
  2 kobold brigands (D:9)
  3 gnoll sergeants
  3 bullfrogs
  Blork the orc (D:5)
  3 scorpions
  15 wights
  15 killer bees
  8 howler monkeys
  5 electric eels
  4 crimson imps (Gauntlet)
  5 centaur zombies (Ossuary)
  3 hounds
  12 orc priests
  Ijyb (D:4)
  2 gnoll boudas
  A jelly (D:8)
  2 iguanas
  13 orc wizards
  3 sleepcaps
  6 mummies (Ossuary)
  31 gnolls
  6 adders
  An ufetubus (D:5)
  7 worms
  A dart slug (D:1)
  67 orcs
  7 ball pythons
  6 endoplasms
  3 giant cockroaches
  8 goblins
  4 hobgoblins
  3 jackals (D:5)
  20 kobolds
  2 quokkas
  7 bats
  5 frilled lizards
  4 hobgoblin zombies (Ossuary)
  6 rats
1051 creatures vanquished.

Vanquished Creatures (others)
  A deep elf knight (Elf:1)
  Sigmund (D:4)
  A culicivora (Spider:4)
  An ogre (Orc:2)
  A gnoll (D:8)
  15 spectral weapons
20 creatures vanquished.

Grand Total: 1071 creatures vanquished

Notes
Turn   | Place    | Note
-------+----------+-------------------------------------------
     0 | D:1      | anacleto the Minotaur Berserker began the quest for the
                  | Orb.
     0 | D:1      | Reached XP level 1. HP: 19/19 MP: 0/0
   335 | D:1      | Reached XP level 2. HP: 27/27 MP: 1/1
   582 | D:1      | Reached skill level 4 in Axes
   905 | D:2      | Reached ** piety under Trog
   908 | D:2      | Reached XP level 3. HP: 25/33 MP: 2/2
   998 | D:2      | Reached skill level 1 in Ranged Weapons
  1392 | D:3      | Found a radiant altar of Vehumet.
  1395 | D:3      | Found a burning altar of Makhleb.
  1396 | D:3      | Found a snail-covered altar of Cheibriados.
  1396 | D:3      | Found a glowing silver altar of Zin.
  1487 | D:3      | Reached skill level 1 in Invocations
  1499 | D:3      | Reached XP level 4. HP: 22/40 MP: 3/3
  1572 | D:3      | Reached XP level 5. HP: 46/46 MP: 3/5
  1580 | D:3      | Reached skill level 5 in Axes
  2042 | D:4      | Found a staircase to the Ecumenical Temple.
  2228 | D:4      | Noticed Ijyb
  2241 | D:4      | Killed Ijyb
  2242 | D:4      | Reached XP level 6. HP: 51/53 MP: 6/6
  2271 | D:4      | Found Nisomum's Armour Emporium.
  2316 | D:4      | Found a sparkling altar of Nemelex Xobeh.
  2430 | D:4      | Noticed Edmund
  2430 | D:4      | Noticed Sigmund
  2450 | D:4      | Your ally Sigmund died
  2458 | D:4      | Killed Edmund
  2600 | D:4      | Found a hazy altar of Hepliaklqana.
  2652 | D:4      | Reached *** piety under Trog
  2710 | D:4      | Reached skill level 6 in Axes
  2710 | D:4      | Reached XP level 7. HP: 58/60 MP: 7/7
  2782 | D:4      | Noticed Grinder
  2797 | D:4      | Paralysed by Grinder for 2 turns
  2801 | D:4      | Killed Grinder
  2802 | D:4      | Reached skill level 5 in Fighting
  3364 | D:5      | Entered Level 5 of the Dungeon
  3470 | D:5      | Noticed Blork the orc
  3487 | D:5      | Killed Blork the orc
  3696 | D:5      | Found an opulent altar of Gozag.
  3707 | D:5      | Reached XP level 8. HP: 67/69 MP: 9/9
  3709 | D:5      | Reached skill level 7 in Axes
  3958 | D:5      | Found an iron altar of Okawaru.
  4090 | D:6      | Reached skill level 5 in Armour
  4127 | D:6      | Found a sand-covered staircase.
  4128 | D:6      | Found a broken altar of Ashenzari.
  4136 | Ossuary  | Entered an ossuary
  4645 | D:6      | Reached skill level 8 in Axes
  4645 | D:6      | Reached skill level 5 in Dodging
  5102 | D:6      | Reached XP level 9. HP: 78/78 MP: 11/11
  5509 | D:7      | Reached **** piety under Trog
  5536 | D:7      | Noticed an eight-headed hydra
  5666 | D:7      | Noticed a troll
  5732 | D:7      | Reached skill level 5 in Ranged Weapons
  5743 | D:7      | Killed a troll
  5744 | D:7      | Reached skill level 9 in Axes
  6232 | D:8      | Reached skill level 5 in Invocations
  7124 | D:9      | Reached skill level 10 in Axes
  7124 | D:9      | Reached XP level 10. HP: 86/86 MP: 12/12
  7218 | D:9      | Found a flagged portal.
  7224 | Bailey   | Entered a bailey
  8519 | D:9      | Acquired the +1 executioner's axe of Vakk {spect, Fragile
                  | Int+6}
  8542 | D:9      | Reached skill level 11 in Axes
  8650 | D:9      | Found a basalt altar of Yredelemnul.
  8764 | D:9      | Reached skill level 1 in Throwing
  9058 | D:9      | Identified the +7 mace of Uluoqoag {flame, *Noise rCorr
                  | Str-2 Int+7}
  9577 | D:7      | Found the +1 robe of Vines {NoPotionHeal Regen++++}
  9750 | D:10     | Entered Level 10 of the Dungeon
  9760 | D:10     | Reached XP level 11. HP: 40/95 MP: 14/14
  9918 | D:10     | Found a staircase to the Orcish Mines.
 10402 | D:10     | Found a staircase to the Lair.
 10424 | D:10     | Reached ***** piety under Trog
 10540 | D:10     | Identified the +3 robe of Ashenzari {Contam rC+ rN+++
                  | Str-5}
 10563 | D:10     | Reached skill level 12 in Axes
 10828 | D:10     | Found an ornate altar of the Wu Jian Council.
 10934 | D:10     | Found a portal to a secret trove of treasure.
 11064 | D:11     | Noticed a two-headed ogre
 11068 | D:11     | Killed a two-headed ogre
 11300 | D:11     | Found a snail-covered altar of Cheibriados.
 11330 | D:11     | Found a gate leading to a gauntlet.
 11336 | Gauntlet | Entered a Gauntlet
 11336 | Gauntlet | Found a transporter.
 11343 | Gauntlet | Found a transporter.
 11353 | Gauntlet | Found a transporter.
 11353 | Gauntlet | Found a transporter.
 11379 | Gauntlet | Noticed a death scarab
 11393 | Gauntlet | Noticed a shining eye
 11393 | Gauntlet | Found a transporter.
 11402 | Gauntlet | Found the +6 Majin-Bo {spellvamp, MP+6 Int+6}
 11402 | Gauntlet | Noticed a minotaur
 11410 | Gauntlet | Killed a minotaur
 11415 | Gauntlet | Reached skill level 13 in Axes
 11463 | Gauntlet | Reached XP level 12. HP: 98/106 MP: 16/16
 11494 | Gauntlet | Found a transporter.
 12121 | D:12     | Reached skill level 10 in Fighting
 12890 | D:13     | Received a gift from Trog
 12956 | D:13     | Reached skill level 14 in Axes
 13154 | D:13     | Noticed a six-headed hydra
 13224 | D:13     | Acquired a manual of Ranged Weapons
 13255 | D:13     | Noticed a centaur warrior
 13260 | D:13     | Killed a centaur warrior
 13284 | D:13     | Noticed a two-headed ogre
 13289 | D:13     | Killed a two-headed ogre
 13395 | D:13     | Reached skill level 15 in Axes
 13399 | D:13     | Killed an 11-headed hydra
 13407 | D:13     | Noticed a centaur warrior
 13415 | D:13     | Killed a centaur warrior
 14116 | D:13     | Found a runed translucent door.
 14116 | D:13     | Noticed jpeg9000's ghost (journeyman TeCj)
 14260 | D:13     | Found a gate to the Vaults.
 14477 | Orc:1    | Entered Level 1 of the Orcish Mines
 14713 | Orc:1    | Found Usinial's Distillery.
 14727 | Orc:1    | Bought a potion of curing for 39 gold pieces
 14727 | Orc:1    | Bought 2 potions of curing for 78 gold pieces
 14727 | Orc:1    | Bought a potion of haste for 130 gold pieces
 14727 | Orc:1    | Bought a potion of flight for 39 gold pieces
 14727 | Orc:1    | Bought a potion of haste for 130 gold pieces
 15052 | Orc:2    | Entered Level 2 of the Orcish Mines
 15052 | Orc:2    | Noticed a two-headed ogre
 15052 | Orc:2    | Found Zipner's Armour Shop.
 15055 | Orc:2    | Noticed a two-headed ogre
 15061 | Orc:2    | Reached skill level 16 in Axes
 15062 | Orc:2    | Killed a two-headed ogre
 15062 | Orc:2    | Noticed a two-headed ogre
 15063 | Orc:2    | Killed a two-headed ogre
 15064 | Orc:2    | Reached XP level 13. HP: 93/113 MP: 17/17
 15070 | Orc:2    | Reached skill level 10 in Ranged Weapons
 15178 | Orc:2    | Reached skill level 17 in Axes
 15394 | Orc:2    | Found Rotuasy's Book Shop.
 15395 | Orc:2    | Found Vohiogut's Book Emporium.
 15508 | Orc:2    | Found Wekidd's Book Boutique.
 15776 | Orc:2    | Found a staircase to the Elven Halls.
 15777 | Orc:2    | Found Biggil's Vocational Training.
 15989 | Orc:2    | Reached skill level 18 in Axes
 16019 | Orc:2    | Noticed an orc warlord
 16028 | Orc:2    | Killed an orc warlord
 16387 | Lair:1   | Entered Level 1 of the Lair of Beasts
 16406 | Lair:1   | Reached ****** piety under Trog
 16657 | Lair:1   | Received a gift from Trog
 17755 | Lair:2   | Reached skill level 19 in Axes
 17765 | Lair:2   | Found a hole to the Spider Nest.
 17814 | Lair:2   | Reached XP level 14. HP: 121/121 MP: 18/18
 18108 | Lair:2   | Found a staircase to the Shoals.
 18112 | Lair:2   | Received a gift from Trog
 18230 | Lair:2   | Found an ornate altar of the Wu Jian Council.
 19158 | Lair:3   | Acquired a +2 cloak of preservation
 19465 | Lair:4   | You fall into a shaft and drop 1 floor!
 19465 | Lair:5   | Entered Level 5 of the Lair of Beasts
 19544 | Lair:4   | Noticed Urug
 19551 | Lair:4   | Killed Urug
 19678 | Lair:4   | Reached skill level 20 in Axes
 19687 | Lair:4   | Reached skill level 15 in Ranged Weapons
 19991 | Lair:4   | Found a viscous altar of Jiyva.
 19994 | Lair:4   | Found a staircase to the Slime Pits.
 20863 | Lair:5   | Received a gift from Trog
 21137 | Lair:5   | Identified the +1 chain mail of the Fiddle {Fly rC+ Int+7}
 21248 | Lair:5   | Reached skill level 21 in Axes
 21745 | Lair:5   | Reached XP level 15. HP: 126/126 MP: 19/19
 22200 | D:13     | Killed jpeg9000's ghost
 22287 | D:14     | Noticed Gyarihi Ophu's ghost (journeyman MiFi)
 22351 | D:14     | You fall into a shaft and drop 1 floor!
 22351 | D:15     | Entered Level 15 of the Dungeon
 22829 | D:15     | Found a staircase to the Depths.
 22903 | D:15     | Noticed Josephine
 22912 | D:15     | Reached skill level 22 in Axes
 22914 | D:15     | Killed Josephine
 24071 | D:14     | Identified the +0 scale mail of Untruth {+Blink rCorr
                  | Dex+3}
 24220 | D:14     | Found a broken altar of Ashenzari.
 24418 | D:14     | Found a transporter.
 24466 | D:14     | Found a transporter.
 24635 | Spider:1 | Entered Level 1 of the Spider Nest
 25452 | Spider:1 | Reached skill level 23 in Axes
 26381 | D:10     | You paid a toll of 16 potions of curing to enter a treasure
                  | trove
 26382 | Trove    | Entered a treasure trove
 26727 | Orc:2    | Bought a manual of Ranged Weapons for 960 gold pieces
 27075 | Spider:1 | Reached XP level 16. HP: 69/134 MP: 20/20
 27583 | Spider:2 | Reached skill level 24 in Axes
 27745 | Spider:2 | Received a gift from Trog
 28140 | Spider:2 | Identified the +1 chain mail "Siadea Buemn" {rPois Regen+
                  | Str+5}
 29190 | Spider:3 | Noticed Bai Suzhen
 29204 | Spider:3 | Killed Bai Suzhen
 29467 | Spider:2 | Reached skill level 10 in Armour
 31399 | Spider:3 | Identified the +5 arbalest "Wulu Huts" {freeze, rElec
                  | Dex+5}
 31443 | Spider:4 | Entered Level 4 of the Spider Nest
 31887 | Spider:4 | Reached skill level 25 in Axes
 32925 | Spider:4 | Reached skill level 10 in Dodging
 33337 | Spider:4 | Reached XP level 17. HP: 117/140 MP: 0/21
 34340 | Spider:4 | Identified the +0 hat "Ezy Ycw" {rN+}
 34379 | Spider:4 | Got a gossamer rune of Zot
 34638 | Elf:1    | Entered Level 1 of the Elven Halls
 35465 | Slime:1  | Entered Level 1 of the Pits of Slime
 35467 | Slime:1  | Noticed an acid blob
 35469 | Slime:1  | Noticed an acid blob
 35594 | Shoals:1 | Entered Level 1 of the Shoals
 36076 | Vaults:1 | Entered Level 1 of the Vaults
 36599 | Vaults:1 | Received a gift from Trog
 36603 | Vaults:1 | Reached skill level 26 in Axes
 36874 | Orc:1    | Bought 2 potions of invisibility for 208 gold pieces
 37379 | Slime:1  | Noticed an acid blob
 37765 | Slime:1  | Killed an acid blob
 37768 | Slime:1  | Killed an acid blob
 37772 | Slime:1  | Killed an acid blob
 37991 | Slime:1  | Noticed an acid blob
 38006 | Slime:1  | Killed an acid blob
 38374 | Slime:2  | Noticed an acid blob
 38433 | Slime:2  | Killed an acid blob
 39014 | Slime:3  | Noticed an acid blob
 39138 | Slime:3  | Received a gift from Trog
 39142 | Slime:3  | Reached XP level 18. HP: 127/147 MP: 22/22
 39795 | Slime:3  | Gained mutation: You are weak. (Str -2) [a shining eye]
 39799 | Slime:3  | Gained mutation: You occasionally lose the ability to read
                  | scrolls when taking damage. [a shining eye]
 39802 | Slime:3  | Gained mutation: Your magical capacity is low. (-10% MP) [a
                  | shining eye]
 39808 | Slime:3  | Gained mutation: You are very weak. (Str -4) [a shining
                  | eye]
 39809 | Slime:3  | Gained mutation: You occasionally lose the ability to drink
                  | potions when taking damage. [a shining eye]
 40241 | Slime:3  | HP: 4/147 [azure jelly[a glowing orange brain] (7)]
 40241 | Slime:3  | HP: 1/147 [great orb of eyes[a glowing orange brain] (3)]
 40242 | Slime:3  | Mangled by an azure jelly

Illustrated notes

Levels and vault maps discovered:
D:1:      nicolae_arrival_memento_mori, layout_loops_corners
D:2:      layout_basic, st_stairs_9
D:3:      layout_rooms, grunt_temple_overflow_open, minmay_misc_feat_square
D:4:      layout_rooms, amcnicky_altar_gilded, lemuel_doored_altar,
          minmay_temple_entry_slanted, serial_shops, shop,
          nicolae_kite_square_tiling_tiny, st_stairs_9,
          sigmund_edmund_badplayer, uniq_ijyb, uniq_grinder
D:5:      layout_rooms, nicolae_gozag_seed_capital, okawaru_altar_gauntlet_db,
          uniq_blork_the_orc
D:6:      layout_gridville, mainiacjoe_overflow_cross_hatched, enter_ossuary_3
D:7:      layout_rooms, dreamdust_wishing_well, hellmonk_guarded_unrand_vines
D:8:      layout_basic, kennysheep_pointless_box
D:9:      layout_loops_cross, mainiacjoe_overflow_alcove_2, enter_bailey_2,
          minmay_fractal_squares_gapless_5
D:10:     layout_rooms, mainiacjoe_overflow_small_starburst,
          erik_lair_orcish_takeover, nicolae_trove_entry_path_of_doom
D:11:     layout_loops_ring, gauntlet_entry_generic, slow_altar_1
D:12:     nicolae_hitomezashi [nicolae_hito_row, nicolae_hito_row,
          nicolae_hito_row, nicolae_hito_row, nicolae_hito_row,
          nicolae_hito_row, nicolae_hito_row, nicolae_hito_row,
          nicolae_hito_row, nicolae_hito_row, nicolae_hito_row,
          nicolae_hito_row, nicolae_hito_row, nicolae_hito_row,
          nicolae_hito_row, nicolae_hito_row, nicolae_hito_row,
          nicolae_hito_row], layout_loops_ring
D:13:     layout_roguey, david_vaults_1, gammafunk_ghost_grave
D:14:     layout_basic, serial_aquarium, aquarium_bridge_square
          [aquarium_subvault_wall, aquarium_subvault_wall,
          aquarium_subvault_wall, aquarium_subvault_bridge],
          aquarium_bridge_straight [aquarium_subvault_bridge,
          aquarium_subvault_balcony, aquarium_subvault_bridge,
          aquarium_subvault_wall], aquarium_window_1, aquarium_window_2,
          aquarium_window_corridor_1, aquarium_view_2d,
          gammafunk_ghost_berserking_beasts, evilmike_ruin_ashenzari
D:15:     grunt_enter_depths_hoard, layout_small_grid, uniq_josephine
Lair:1:   layout_cave_pods, serial_bayou, serial_bayou_pond_e,
          serial_bayou_lagoon_a, serial_bayou_pond_a, serial_bayou_lake_a,
          serial_bayou_pond_d
Lair:2:   layout_hall_layers, nicolae_shoals_entry_roost,
          hellmonk_spider_entry_life_and_decay, basic_altar
Lair:3:   layout_long_grid, st_stairs_7
Lair:4:   layout_big_grid, dpeg_slime_entry_corner, serial_bayou_shore_a,
          uniq_urug
Lair:5:   evilmike_catoblepas_cave, layout_gridlike, nicolae_lair_lindhole
Shoals:1: layout_shoals, serial_shops, nicolae_shop_real_fake_doors, shop,
          nicolae_shop_rolled_up
Spider:1: layout_spider_delve, drop_trap, spiders_nest_spider_trap
Spider:2: layout_spider_delve
Spider:3: layout_spider_delve, drop_trap, hive_lemuel, uniq_bai_suzhen
Spider:4: spider_rune_water, nicolae_spider_not_touching_you
Slime:1:  cheibrodos_slime_lost_civilization_8, layout_caves
Slime:2:  layout_caves
Slime:3:  layout_caves, nicolae_slime_getting_an_eyeful
Orc:1:    layout_caves, serial_shops, nicolae_shop_advertising_works
          [nicolae_subvault_shop_adworks]
Orc:2:    st_orc_open, layout_caves, nicolae_shop_vocational
Elf:1:    layout_geoelf_octagon, kennysheep_underground_church, uniq_roxanne
Vaults:1: ebering_ghost_disaster_area, hangedman_vaults_nails, v_misc_22,
          ontoclasm_vaults_hangar, vaults_room_fours, v_misc_18,
          hangedman_vaults_river_flow, nicolae_vaults_shipping_containers_5,
          nicolae_vaults_double_plus_2, v_misc_25,
          nicolae_vaults_closet_pinwheel_5, nicolae_vaults_sesquioval_fish,
          nicolae_vaults_rhombus_7, nicolae_vaults_trapezoid_1,
          nicolae_vaults_house_2, vaults_room_pools, layout_vaults_omnibox,
          serial_shops, shop_statue, shop, shop

Skill      XL: |  1  2  3  4  5  6  7  8  9 10 11 12 13 14 15 16 17 18 |
---------------+-------------------------------------------------------+-----
Axes           | 4 5 6 8 10 11 13 16 19 21 23 25 26 | 26.7
Ranged Weapons | 1 2 3 4 5 6 9 13 16 17 19 21 | 21.3
Armour         | 3 4 5 6 8 9 11 12 13 | 13.0
Invocations    | 1 2 3 4 5 6 7 |  7.6
Fighting       | 4 5 6 7 8 9 10 | 10.0
Dodging        | 3 4 5 6 7 8 10 11 | 11.9
Throwing       | 1 4 |  4.5

Action                     |  1- 3 |  4- 6 |  7- 9 | 10-12 | 13-15 | 16-18 || total
---------------------------+-------+-------+-------+-------+-------+-------++-------
  Melee: Hand axe          |    84 |    58 |    34 |       |       |       ||   176
         Headbutt          |    10 |    16 |    32 |    64 |   116 |   144 ||   382
         Battleaxe         |       |       |   165 |   138 |       |       ||   303
         Executioner's axe |       |       |       |   264 |   595 |   569 ||  1428
   Fire: Shortbow          |       |       |    29 |       |       |       ||    29
  Throw: Throwing net      |       |       |     1 |       |       |       ||     1
         Boomerang         |       |       |       |    16 |    85 |    81 ||   182
 Invoke: Berserk           |       |     4 |    11 |    16 |    19 |    18 ||    68
         Brothers in Arms  |       |       |       |       |       |     1 ||     1
  Evoke: Wand              |       |     2 |       |       |     3 |     8 ||    13
         Box of beasts     |       |       |       |       |     1 |       ||     1
         Condenser vane    |       |       |       |       |     1 |       ||     1
         Lightning rod     |       |       |       |       |       |     5 ||     5
    Use: Scroll            |       |       |    15 |    18 |    10 |     3 ||    46
         Potion            |       |       |       |     2 |     2 |     8 ||    12
   Stab: Invisible         |       |       |       |     1 |     9 |     2 ||    12
         Distracted        |       |       |       |       |    10 |     8 ||    18
         Confused          |       |       |       |       |     1 |       ||     1
 Armour: Animal skin       |     2 |       |       |       |       |       ||     2
         Scale mail        |    12 |       |       |       |       |       ||    12
         Chain mail        |    25 |    27 |   160 |       |       |       ||   212
         Gold dragon scale |       |       |    71 |   353 |   320 |   312 ||  1056
  Dodge: Dodged            |    54 |    43 |   166 |   211 |   314 |   277 ||  1065
  Block: Other             |       |       |       |     5 |    52 |    96 ||   153
         Reflection        |       |       |       |       |     3 |     4 ||     7
